 Dungeon Crawl Stone Soup version 0.29-a0-356-g7bc237e783 (webtiles) character file.

Game seed: 2758994959189994385

39 Antichthon the Bolt Thrower (level 3, 0/26 HPs)
             Began as a Formicid Arcane Marksman on Apr 25, 2022.
             Succumbed to a scorpion's poison
             ... on level 7 of the Dungeon.
             The game lasted 00:03:42 (1267 turns).

Antichthon the Bolt Thrower (FoAM)                  Turns: 1267, Time: 00:03:42

Health: 0/26       AC:  2    Str: 14    XL:     3   Next: 70%
Magic:  4/4        EV: 11    Int: 12    God:
Gold:   35         SH:  3    Dex: 13    Spells: 3/4 levels left

rFire   . . .      SeeInvis +   a - +0 hand crossbow
rCold   . . .      Faith    .   e - +0 buckler
rNeg    . . .      Spirit   .   b - +0 robe
rPois   .          Reflect  .   (helmet unavailable)
rElec   .          Harm     .   (no cloak)
rCorr   .          Rampage  .   (no gloves)
Will    .....                   (no boots)
Stlth   +.........              (no amulet)
HPRegen 0.08/turn               (no ring)
MPRegen 0.09/turn               (no ring)

@: lethally poisoned (0 -> -5)
A: permanent stasis, dig shafts and tunnels, antennae 3, four strong arms
a: Dig, Shaft Self


You were on level 7 of the Dungeon.
You visited 1 branch of the dungeon, and saw 4 of its levels.

You collected 35 gold pieces.

Inventory:

Hand Weapons
 a - a +0 hand crossbow (weapon)
Armour
 b - a +0 robe (worn)
 e - a +0 buckler (worn)
 g - a scarf of shadows
Jewellery
 l - an amulet of faith
Scrolls
 c - a scroll of vulnerability
 f - a scroll of enchant weapon {unknown}
 h - a scroll of teleportation {unknown}
 i - a scroll of identify {unknown}
 k - 2 scrolls of amnesia {unknown}
 m - a scroll of fear {unknown}
 n - a scroll of acquirement {unknown}


   Skills:
 - Level 1.1 Fighting
 + Level 3.8 Crossbows
 - Level 1.7 Dodging
 - Level 1.1 Spellcasting
 - Level 3.6 Hexes


You had 3 spell levels left.
You knew the following spells:

 Your Spells              Type           Power      Damage    Failure   Level
a - Slow                  Hex            36%        N/A       9%          1

Your spell library contained the following spells:

 Spells                   Type           Power      Damage    Failure   Level
 Animate Skeleton         Necr           0%         N/A       36%         1
 Apportation              Tloc           0%         N/A       36%         1
 Summon Small Mammal      Summ           0%         N/A       36%         1
 Inner Flame              Hex/Fire       5%         N/A       47%         3
 Portal Projectile        Hex/Tloc       10%        N/A       47%         3
 Static Discharge         Conj/Air       0%         N/A       50%         2
 Cause Fear               Hex            4%         N/A       65%         4
 Dispel Undead            Necr           0%         3d6       98%         4
 Sticky Flame             Conj/Fire      0%         2d3       98%         4


Dungeon Overview and Level Annotations

Branches:
Dungeon (2/15)

Altars:


Innate Abilities, Weirdness & Mutations

You cannot be hasted, slowed, berserked, paralysed or teleported.
You can dig through walls and to a lower floor.
You have a pair of large antennae on your head. (SInv)
Your four strong arms can wield two-handed weapons with a shield.


Message History

Aim: a scorpion (moderately wounded, 59% to hit)
You shoot a bolt. The bolt hits the scorpion.
The scorpion is heavily wounded.
The scorpion stings you.
* * * LOW HITPOINT WARNING * * *
The scorpion stings you.
* * * LOW HITPOINT WARNING * * *
You are lethally poisoned!
The scorpion poisons you!
It was a potion of might.
You feel very mighty all of a sudden.
* * * LOW HITPOINT WARNING * * *
You feel sick. The scorpion closely misses you.
It was a potion of curing.
You feel better. The scorpion closely misses you.
Are you sure you want to shaft yourself?
Okay, then.
Are you sure you want to shaft yourself?
The scorpion closely misses you.
You begin to dig a shaft.
You continue digging a shaft.
The scorpion stings you.
You are poisoned.
The scorpion poisons you! The scorpion stings you.
* * * LOW HITPOINT WARNING * * *
A shaft appears beneath you!
You fall into a shaft and drop 3 floors!
The shaft crumbles and collapses.
* * * LOW HITPOINT WARNING * * *
You feel sick.
Found 11 gold pieces and a scroll labelled XOXUARCH ZOEW.
Unknown command.
There is a lethal amount of poison in your body!
Unknown command.
It was a potion of cancellation.
Your magical effects are unravelling.
You feel magically purged.
You feel a little less mighty now.
* * * LOW HITPOINT WARNING * * *
You feel sick.
Unknown command.
You die...

## . ##.
...?#..###.####
.......@......$
....###########
.


There were no monsters in sight!

Vanquished Creatures
  A dart slug (D:2)
  3 bats
  2 endoplasms (D:1)
  3 giant cockroaches (D:1)
  4 goblins
  A hobgoblin (D:1)
  2 quokkas (D:2)
  6 ball pythons
  2 frilled lizards
  5 kobolds
  5 rats
34 creatures vanquished.

Notes
Turn   | Place    | Note
-------+----------+-------------------------------------------
     0 | D:1      | Antichthon the Formicid Arcane Marksman began the quest for
                  | the Orb.
     0 | D:1      | Reached XP level 1. HP: 15/15 MP: 2/2
   179 | D:1      | Reached XP level 2. HP: 21/21 MP: 3/3
   582 | D:1      | Reached XP level 3. HP: 22/26 MP: 4/4
  1239 | D:2      | You fall into a shaft and drop 2 floors!
  1239 | D:4      | Noticed a wight
  1239 | D:4      | Noticed a wight
  1239 | D:4      | Noticed a wight
  1239 | D:4      | Noticed a wight
  1239 | D:4      | Noticed a scorpion
  1265 | D:4      | You fall into a shaft and drop 3 floors!
  1267 | D:7      | Succumbed to a scorpion's poison

Illustrated notes

Levels and vault maps discovered:
D:1:      lightli_arrival_statue_moat, layout_basic, grunt_decor_clamped,
          chequers_garden
D:2:      layout_rooms, shapermc_ecumenical_altar_acropolis, hex_large,
          minmay_misc_feat_tower, dk_vineyard_2
D:4:      layout_rooms
D:7:      layout_loops_ring, pf_just_have_faith

Skill      XL: |  1  2 |
---------------+-------+-----
Crossbows      | 3 |  3.8
Fighting       | |  1.1
Dodging        | |  1.7
Spellcasting   | |  1.1
Hexes          | |  3.6

Action                   || total
-------------------------++-------
 Fire: Hand crossbow     ||    92
 Cast: Slow              ||     1
 Abil: Shaft Self        ||     1
  Use: Potion            ||     3
Armor: Robe              ||     5
Dodge: Dodged            ||    18
Block: Buckler           ||     2

Table legend: (Time is in decaauts)
 A = Elapsed time spent in this place.
 B = Non-inter-level travel time spent in this place.
 C = Inter-level travel time spent in this place.
 D = Time resting spent in this place.
 E = Time spent auto-exploring this place.
 F = Levels seen in this place.
 G = Mean time per level.
                   A        B        C        D        E       F      G
               +--------+--------+--------+--------+--------+-----+--------+
         Total |   1301 |   1262 |     39 |      0 |   1014 |   4 |  325.2 |
       Dungeon |   1301 |   1262 |     39 |      0 |   1014 |   4 |  325.2 |
               +--------+--------+--------+--------+--------+-----+--------+

Top non-repeatable levels by time:
     D:1: 1158 daAuts
     D:2: 112 daAuts
     D:4: 29 daAuts
     D:7: 1 daAuts
